SAAA
HOUSTON BC @ ELLENBURG FIGHTING DACHSUNDS
08/17/2025
 
TOP OF THE 1ST
Houston BC batting - Pitching for Ellenburg Fighting Dachsunds : RHP Luis Mata
Pitching: RHP Luis Mata
Batting: RHB Ludovico Trezza 0-0: Called Strike
0-1: Ball
1-1: Fly out, F9 (Flyball, 9D)
Batting: RHB Jesús Villalba 0-0: Ball
1-0: Foul Ball, location: 2F
1-1: Ball
2-1: Foul Ball, location: 2F
2-2: SINGLE (Line Drive, 4M)
Batting: RHB Habbo Allaart 0-0: Ball
1-0: Grounds into double play, 5-4-3 (Groundball, 56)
Top of the 1st over - 0 run(s), 1 hit(s), 0 error(s), 0 left on base; Houston 0 - Ellenburg 0
BOTTOM OF THE 1ST
Ellenburg Fighting Dachsunds batting - Pitching for Houston BC : RHP António Ybarra
Pitching: RHP António Ybarra
Batting: LHB Aquiles Marmelo 0-0: Called Strike
0-1: Ball
1-1: Fly out, F9 (Flyball, 89M)
Batting: RHB Bob Campbell 0-0: Called Strike
0-1: Ball
1-1: Swinging Strike
1-2: Ball
2-2: Ball
3-2: Base on Balls
Batting: RHB Ed Adams 0-0: Called Strike
0-1: Ball
1-1: Ball
2-1: Called Strike
2-2: Foul Ball, location: 2F
2-2: Fielders Choice at 2nd, 5-4 (Groundball, 5L)
Batting: RHB Preston Hernández 0-0: Ball
1-0: Called Strike
1-1: Ball
2-1: Fly out, F9 (Line Drive, 9)
Bottom of the 1st over - 0 run(s), 0 hit(s), 0 error(s), 1 left on base; Houston 0 - Ellenburg 0
TOP OF THE 2ND
Houston BC batting - Pitching for Ellenburg Fighting Dachsunds : RHP Luis Mata
Batting: RHB Miguel Morán 0-0: Ball
1-0: Foul Ball, location: 2F
1-1: Ball
2-1: Ball
3-1: Base on Balls
Batting: RHB Alfredo Mojica 0-0: Foul Ball, location: 2F
0-1: Ball
1-1: Fly out, F7 (Flyball, 7LS)
Batting: RHB António Sánchez 0-0: Ball
Miguel Morán steals 2nd base
1-0: Swinging Strike
1-1: Foul Ball, location: 2F
1-2: Foul Ball, location: 2F
1-2: Fly out, F7 (Flyball, 7)
Batting: RHB Rodney Hanna 0-0: Called Strike
0-1: Ball
1-1: Ball
2-1: Ball
3-1: Base on Balls
Batting: RHB Marvin Hayes 0-0: Called Strike
0-1: Foul Ball, location: 2F
0-2: Fly out, F7 (Flyball, 7)
Top of the 2nd over - 0 run(s), 0 hit(s), 0 error(s), 2 left on base; Houston 0 - Ellenburg 0
BOTTOM OF THE 2ND
Ellenburg Fighting Dachsunds batting - Pitching for Houston BC : RHP António Ybarra
Batting: RHB José Vázquez 0-0: Ball
1-0: Fly out, F9 (Flyball, 9)
Batting: RHB Meka Knight 0-0: Ball
1-0: Ball
2-0: Ball
3-0: Called Strike
3-1: Base on Balls
Batting: RHB Ron Johnston 0-0: Called Strike
0-1: Ball
1-1: Ball
2-1: Fly out, F8 (Flyball, 8RD)
Batting: RHB Jack Burton 0-0: Called Strike
0-1: Ball
1-1: Called Strike
1-2: Ball
2-2: SINGLE (Groundball, 6) (infield hit)
Meka Knight to second
Batting: RHB Charles Jordan 0-0: Called Strike
0-1: Ball
1-1: DOUBLE (Line Drive, 89D)
Meka Knight scores
Jack Burton to third
Runner from 3rd tries for Home, SAFE, no throw
Batting: LHB Aquiles Marmelo 0-0: Ball
1-0: Ball
2-0: Ball
3-0: Base on Balls
Batting: RHB Bob Campbell 0-0: Ball
1-0: Foul Ball, location: 2F
1-1: Ball
2-1: Ball
3-1: SINGLE (Groundball, 56D)
Charles Jordan to third
Aquiles Marmelo to second
Runner from 3rd tries for Home, SAFE, no throw
Batting: RHB Ed Adams 0-0: Foul Ball, location: 2F
0-1: Ball
1-1: Ball
2-1: Ball
3-1: Foul Ball, location: 2F
3-2: Base on Balls
Aquiles Marmelo to third
Bob Campbell to second
Batting: RHB Preston Hernández 0-0: Ball
1-0: Ball
2-0: Called Strike
2-1: Foul Ball, location: 2F
2-2: Foul Ball, location: 2F
2-2: Fly out, F7 (Flyball, 7)
Bottom of the 2nd over - 3 run(s), 3 hit(s), 0 error(s), 3 left on base; Houston 0 - Ellenburg 3
TOP OF THE 3RD
Houston BC batting - Pitching for Ellenburg Fighting Dachsunds : RHP Luis Mata
Batting: RHB Steffen Taylor 0-0: Ball
1-0: Called Strike
1-1: Fly out, F9 (Flyball, 9LSF)
Batting: RHB Ludovico Trezza 0-0: Called Strike
0-1: Ball
1-1: Foul Ball, location: 2F
1-2: Fly out, F9 (Flyball, 9S)
Batting: RHB Jesús Villalba 0-0: Foul Ball, location: 2F
0-1: Swinging Strike
0-2: SINGLE (Groundball, 4MD)
Batting: RHB Habbo Allaart 0-0: Called Strike
0-1: Swinging Strike
Jesús Villalba steals 2nd base
0-2: Strikes out looking
Top of the 3rd over - 0 run(s), 1 hit(s), 0 error(s), 1 left on base; Houston 0 - Ellenburg 3
BOTTOM OF THE 3RD
Ellenburg Fighting Dachsunds batting - Pitching for Houston BC : RHP António Ybarra
Batting: RHB José Vázquez 0-0: Ball
1-0: Ball
2-0: Ball
3-0: Base on Balls
Batting: RHB Meka Knight 0-0: Grounds into double play, 5-4-3 (Groundball, 5)
Batting: RHB Ron Johnston 0-0: Called Strike
0-1: Foul Ball, location: 2F
0-2: Foul Ball, location: 2F
0-2: Foul Ball, location: 2F
0-2: Ball
1-2: Ball
2-2: Foul Ball, location: 2F
2-2: Ball
3-2: Foul Ball, location: 2F
3-2: Foul Ball, location: 2F
3-2: Ground out 6-3 (Groundball, 6)
Bottom of the 3rd over - 0 run(s), 0 hit(s), 0 error(s), 0 left on base; Houston 0 - Ellenburg 3
TOP OF THE 4TH
Houston BC batting - Pitching for Ellenburg Fighting Dachsunds : RHP Luis Mata
Batting: RHB Miguel Morán 0-0: Foul Ball, location: 2F
0-1: SINGLE (Line Drive, 7LS)
Batting: RHB Alfredo Mojica 0-0: Called Strike
0-1: Swinging Strike
0-2: Ball
1-2: Ball
2-2: Ball
3-2: Strikes out looking
Miguel Morán steals 2nd base
Batter strikes out.
Batting: RHB António Sánchez 0-0: Called Strike
0-1: Called Strike
0-2: Ball
1-2: Strikes out looking
Batting: RHB Rodney Hanna 0-0: Called Strike
0-1: Fly out, F7 (Flyball, 7)
Top of the 4th over - 0 run(s), 1 hit(s), 0 error(s), 1 left on base; Houston 0 - Ellenburg 3
BOTTOM OF THE 4TH
Ellenburg Fighting Dachsunds batting - Pitching for Houston BC : RHP António Ybarra
Batting: RHB Jack Burton 0-0: Ball
1-0: Fly out, F9 (Flyball, 89M)
Batting: RHB Charles Jordan 0-0: Ball
1-0: Called Strike
1-1: Ground out 6-3 (Groundball, 6)
Batting: LHB Aquiles Marmelo 0-0: Ball
1-0: Ground out U3 (Groundball, 34)
Bottom of the 4th over - 0 run(s), 0 hit(s), 0 error(s), 0 left on base; Houston 0 - Ellenburg 3
TOP OF THE 5TH
Houston BC batting - Pitching for Ellenburg Fighting Dachsunds : RHP Luis Mata
Batting: RHB Marvin Hayes 0-0: Ball
1-0: Ball
2-0: Swinging Strike
2-1: Foul Ball, location: 2F
2-2: Strikes out looking
Batting: RHB Steffen Taylor 0-0: Foul Ball, location: 2F
0-1: Foul Ball, location: 2F
0-2: Ball
1-2: Foul Ball, location: 2F
1-2: SINGLE (Groundball, 34D)
Batting: RHB Ludovico Trezza 0-0: Ball
1-0: Ball
2-0: SINGLE (Groundball, 56D)
Steffen Taylor to second
Batting: RHB Jesús Villalba 0-0: Called Strike
0-1: Foul Ball, location: 2F
0-2: Strikes out looking
Batting: RHB Habbo Allaart 0-0: Fielders Choice at 2nd, 4-6 (Groundball, 4)
Top of the 5th over - 0 run(s), 2 hit(s), 0 error(s), 1 left on base; Houston 0 - Ellenburg 3
BOTTOM OF THE 5TH
Ellenburg Fighting Dachsunds batting - Pitching for Houston BC : RHP António Ybarra
Batting: RHB Bob Campbell 0-0: Ball
1-0: DOUBLE (Flyball, 9LM)
Batting: RHB Ed Adams 0-0: Ball
1-0: SINGLE (Line Drive, 7S)
Bob Campbell to third
Batting: RHB Preston Hernández 0-0: Ball
1-0: Ball
2-0: Called Strike
2-1: Swinging Strike
2-2: Ball
3-2: Foul Ball, location: 2F
3-2: Base on Balls
Ed Adams to second
Batting: RHB José Vázquez 0-0: Swinging Strike
0-1: Called Strike
0-2: Foul Ball, location: 2F
0-2: SINGLE (Groundball, 5D)
Bob Campbell scores
Ed Adams to third
Preston Hernández to second
Batting: RHB Meka Knight 0-0: Ball
1-0: Called Strike
1-1: Ball
2-1: Ball
3-1: Foul Ball, location: 2F
3-2: Strikes out swinging
Batting: RHB Ron Johnston 0-0: Ball
1-0: Ball
2-0: Ball
3-0: Called Strike
3-1: Base on Balls
Ed Adams scores
Preston Hernández to third
José Vázquez to second
Pitching: LHP Ismael Padilla
Batting: RHB Jack Burton 0-0: Ball
1-0: Foul Ball, location: 2F
1-1: SINGLE (Groundball, 34D)
Preston Hernández scores
José Vázquez to third
Ron Johnston to second
Runner from 3rd tries for Home, SAFE, throw made home
Ron Johnston to third
Jack Burton to second
Batting: RHB Charles Jordan 0-0: Foul Ball, location: 2F
0-1: Fly out, F9 (Flyball, 89D)
Runner from 3rd tags up, SCORES, no throw
Jack Burton to third
Batting: LHB Aquiles Marmelo 0-0: Called Strike
0-1: Ball
1-1: Ball
2-1: Fly out, F6 (Popup, 56D)
Bottom of the 5th over - 5 run(s), 4 hit(s), 0 error(s), 1 left on base; Houston 0 - Ellenburg 8
TOP OF THE 6TH
Houston BC batting - Pitching for Ellenburg Fighting Dachsunds : RHP Luis Mata
Batting: RHB Miguel Morán 0-0: Called Strike
0-1: Foul Ball, location: 2F
0-2: Ground out 4-3 (Groundball, 4)
Batting: RHB Alfredo Mojica 0-0: Ball
1-0: Foul Ball, location: 2F
1-1: Fly out, F7 (Flyball, 78M)
Batting: RHB António Sánchez 0-0: Called Strike
0-1: Called Strike
0-2: Ball
1-2: Foul Ball, location: 2F
1-2: Ground out 1-3 (Groundball, 13S)
Top of the 6th over - 0 run(s), 0 hit(s), 0 error(s), 0 left on base; Houston 0 - Ellenburg 8
BOTTOM OF THE 6TH
Ellenburg Fighting Dachsunds batting - Pitching for Houston BC : LHP Ismael Padilla
Batting: RHB Bob Campbell 0-0: Ball
1-0: Ball
2-0: Foul Ball, location: 2F
2-1: Ball
3-1: Foul Ball, location: 2F
3-2: Base on Balls
Batting: RHB Ed Adams 0-0: Ball
1-0: Swinging Strike
1-1: Ball
2-1: Foul Ball, location: 2F
2-2: Strikes out swinging
Batting: RHB Preston Hernández 0-0: Ball
1-0: Foul Ball, location: 2F
1-1: Swinging Strike
1-2: Strikes out looking
Batting: RHB José Vázquez 0-0: Ball
1-0: Called Strike
1-1: Ground out U3 (Groundball, 34S)
Bottom of the 6th over - 0 run(s), 0 hit(s), 0 error(s), 1 left on base; Houston 0 - Ellenburg 8
TOP OF THE 7TH
Houston BC batting - Pitching for Ellenburg Fighting Dachsunds : RHP Luis Mata
Now at 1B: Ismael Cabrera
Now at 3B: Michael Taylor
Batting: RHB Rodney Hanna 0-0: Called Strike
0-1: Ball
1-1: Ball
2-1: Ball
3-1: Base on Balls
Batting: RHB Marvin Hayes 0-0: Called Strike
0-1: Ball
1-1: Ball
2-1: Ball
3-1: Swinging Strike
3-2: Foul Ball, location: 2F
3-2: Foul Ball, location: 2F
3-2: Strikes out swinging
Batting: RHB Steffen Taylor 0-0: Called Strike
0-1: Ball
1-1: Swinging Strike
1-2: Strikes out swinging
Batting: RHB Ludovico Trezza 0-0: Swinging Strike
0-1: Ball
1-1: Ball
Rodney Hanna steals 2nd base
2-1: Ball
3-1: Swinging Strike
3-2: Foul Ball, location: 2F
3-2: Strikes out looking
Top of the 7th over - 0 run(s), 0 hit(s), 0 error(s), 1 left on base; Houston 0 - Ellenburg 8
BOTTOM OF THE 7TH
Ellenburg Fighting Dachsunds batting - Pitching for Houston BC : LHP Ismael Padilla
Batting: RHB Meka Knight 0-0: Foul Ball, location: 2F
0-1: Ball
1-1: Swinging Strike
1-2: Fly out, F6 (Popup, 56D)
Batting: RHB Ron Johnston 0-0: Ball
1-0: Foul Ball, location: 2F
1-1: Swinging Strike
1-2: Foul Ball, location: 2F
1-2: Foul Ball, location: 2F
1-2: Ball
2-2: Foul Ball, location: 2F
2-2: Fly out, F9 (Flyball, 89S)
Batting: RHB Jack Burton 0-0: Swinging Strike
0-1: Ball
1-1: Ground out 6-3 (Groundball, 56)
Bottom of the 7th over - 0 run(s), 0 hit(s), 0 error(s), 0 left on base; Houston 0 - Ellenburg 8
TOP OF THE 8TH
Houston BC batting - Pitching for Ellenburg Fighting Dachsunds : RHP Luis Mata
Batting: RHB Jesús Villalba 0-0: Ball
1-0: Ball
2-0: Called Strike
2-1: Ground out 6-3 (Groundball, 6)
Batting: RHB Habbo Allaart 0-0: Ball
1-0: Called Strike
1-1: Ball
2-1: Called Strike
2-2: DOUBLE (Line Drive, 7LM)
Batting: RHB Miguel Morán 0-0: Ball
1-0: Swinging Strike
1-1: Ball
2-1: Ball
3-1: Swinging Strike
3-2: Foul Ball, location: 2F
3-2: Strikes out looking
Pitching: RHP Jim Unknown
Batting: RHB Alfredo Mojica 0-0: Called Strike
0-1: Ball
1-1: SINGLE (Groundball, 6MD)
Habbo Allaart to third
Runner from 3rd tries for Home, SAFE, no throw
Batting: RHB António Sánchez 0-0: Ball
1-0: Swinging Strike
1-1: Called Strike
1-2: Strikes out swinging
Top of the 8th over - 1 run(s), 2 hit(s), 0 error(s), 1 left on base; Houston 1 - Ellenburg 8
BOTTOM OF THE 8TH
Ellenburg Fighting Dachsunds batting - Pitching for Houston BC : LHP Ismael Padilla
Batting: RHB Charles Jordan 0-0: Ball
1-0: SINGLE (Groundball, 2R) (infield hit)
Batting: LHB Aquiles Marmelo 0-0: Fly out, F9 (Flyball, 9D)
Batting: RHB Bob Campbell 0-0: Foul Ball, location: 2F
0-1: Grounds into double play, 5-4-3 (Groundball, 5)
Bottom of the 8th over - 0 run(s), 1 hit(s), 0 error(s), 0 left on base; Houston 1 - Ellenburg 8
TOP OF THE 9TH
Houston BC batting - Pitching for Ellenburg Fighting Dachsunds : RHP Jim Unknown
Batting: RHB Rodney Hanna 0-0: Ball
1-0: Ball
2-0: Ball
3-0: Base on Balls
Batting: RHB Marvin Hayes 0-0: Ball
1-0: Foul Ball, location: 2F
1-1: Ball
2-1: Called Strike
2-2: Ball
3-2: Strikes out looking
Throwing error on steal attempt, E2
Rodney Hanna to third
Batting: RHB Steffen Taylor 0-0: Called Strike
0-1: Ball
1-1: Swinging Strike
1-2: Ball
2-2: Ball
3-2: Base on Balls
Batting: RHB Ludovico Trezza 0-0: Ball
1-0: Foul Ball, location: 2F
1-1: Ball
2-1: Ball
3-1: Base on Balls
Steffen Taylor to second
Batting: RHB Jesús Villalba 0-0: Ball
1-0: Foul Ball, location: 2F
1-1: Ground out 4-3 (Groundball, 4S)
Rodney Hanna scores
Steffen Taylor to third
Ludovico Trezza to second
Batting: RHB Habbo Allaart 0-0: Swinging Strike
0-1: Foul Ball, location: 2F
0-2: Ball
1-2: Foul Ball, location: 2F
1-2: Ball
2-2: DOUBLE (Line Drive, 7D)
Steffen Taylor scores
Ludovico Trezza scores
Pitching: LHP Jim Unknown
Pinch Runner at 2nd Raúl Trevino:
Batting: RHB Miguel Morán 0-0: Called Strike
0-1: Called Strike
0-2: Foul Ball, location: 2F
0-2: Strikes out swinging
Top of the 9th over - 3 run(s), 1 hit(s), 1 error(s), 1 left on base; Houston 4 - Ellenburg 8
Friday, December 30th, 2016 - OOTP Baseball 17.12 Build 75